 Dungeon Crawl Stone Soup version 0.31-a0-986-g5e6e4ef867 (webtiles) character file.

Game seed: 13217041197268037704

1687 timneilson the Ruffian (level 9, -2/55 (59) HPs)
             Began as an Octopode Shapeshifter on Nov 3, 2023.
             Was an Initiate of Gozag.
             Slain by a wight
             ... wielding a +3 halberd
              (13 damage)
             ... on level 7 of the Dungeon.
             The game lasted 00:11:05 (5957 turns).

timneilson the Ruffian (Octopode Shapeshifter)      Turns: 5957, Time: 00:11:06

HP:   -2/55 (59)    AC:  1    Str: 17    XL:     9   Next: 2%
MP:   13/13         EV: 14    Int: 12    God:    Gozag
Gold: 543           SH:  0    Dex: 12    Spells: 13/13 levels left

rFire   . .          .
                       - Unarmed
rCold   . . .        (no shield)
rNeg    . . .        (helmet currently unavailable)
rPois   .            g - amulet of regeneration
rElec   .            (no ring)
rCorr   .            (no ring)
SInv    .            (no ring)
Will    .....        (no ring)
Stlth   ++++         (no ring)
HPRegen 1.09/turn    (no ring)
MPRegen 0.13/turn    (no ring)
                     (no ring)

%: no passive effects
@: beast-form, gold aura, hasted, drained, very quick
A: beast (slay +3), almost no armour, amphibious, 8 rings, camouflage 1,
gelatinous body 1, (nimble swimmer 1), tentacles
a: Begin Untransformation, Renounce Religion, Potion Petition, Call Merchant,
Bribe Branch


You were on level 7 of the Dungeon.
You worshipped Gozag.
Gozag was pleased with you.
You were a hulking beast.
You visited 2 branches of the dungeon, and saw 8 of its levels.

You collected 586 gold pieces.
You paid 43 gold pieces to Gozag.

Inventory:

Jewellery
 g - an amulet of regeneration (around mantle)
Talismans
 b - a beast talisman
 c - a flux talisman
Wands
 n - a wand of digging (1)
 o - a wand of paralysis (14)
 q - a wand of flame (10)
Scrolls
 k - 2 scrolls of teleportation
 r - 2 scrolls of torment
 s - a scroll of identify
 t - 2 scrolls of amnesia
Potions
 a - a potion of lignification
 d - a potion of curing {unknown}
 e - a potion of might {unknown}
 f - a potion of brilliance {unknown}
 h - 3 potions of mutation
 i - a potion of invisibility {unknown}
 j - a potion of ambrosia {unknown}
 l - a potion of cancellation {unknown}
 m - a potion of haste
 p - a potion of enlightenment {unknown}


   Skills:
 * Level 4.7 Fighting
 * Level 5.1 Dodging
 + Level 4.6 Stealth
 * Level 5.5 Unarmed Combat
 + Level 2.9 Spellcasting
 + Level 2.9 Evocations
 * Level 5.2 Shapeshifting


You had 13 spell levels left.
You didn't know any spells.
Your spell library was empty.

Dungeon Overview and Level Annotations

Branches:
Dungeon (7/15)             Temple (1/1) D:5

Altars:
Ashenzari
Cheibriados
Elyvilon
Fedhas
Gozag
Kikubaaqudgha
Makhleb
Nemelex Xobeh
Ru
Trog
Uskayaw
Vehumet
Wu Jian
Xom
Yredelemnul
Zin

Shops:
D:6 =

Annotations:
D:6 2 transporters


Innate Abilities, Weirdness & Mutations

You are a hulking beast.
Your limbs bulge with bestial killing power. (Slay +3)
You cannot wear most types of armour.
You are amphibious.
You can wear up to eight rings at the same time.
Your skin changes colour to match your surroundings (Stealth+).
Your rubbery body absorbs attacks. (AC +1, EV +1)
((You are camouflaged when in or above water. (Stealth+)))
You have tentacles for arms and can constrict up to eight enemies at once.


Message History

You now have 539 gold pieces (gained 22).
You start resting.
HP restored.
Found a scroll of identify.
Found 16 gold pieces.
s - a scroll of identify A jelly comes into view.
A white imp comes into view.
The jelly quivers.
You bludgeon the jelly!
Your tentacles burn!
You tentacle-slap the jelly. You squeeze the jelly.
You kill the jelly!
You now have 543 gold pieces (gained 4).
The white imp is distracted by your dazzling golden aura.
A sleepcap comes into view.
The white imp shouts, "Bolt, thou defiled toenail-biting joithead!"
You tentacle-slap the white imp.
The white imp is no longer distracted by gold.
Your grab misses the white imp.
The white imp is heavily wounded.
The white imp closely misses you.
You barely miss the white imp. Your grab misses the white imp.
You squeeze the white imp.
The white imp is almost dead.
The white imp hits you. The white imp freezes you.
You tentacle-slap the white imp but do no damage.
Your grab misses the white imp. You squeeze the white imp.
You kill the white imp!
The wight hits you from afar with a +3 halberd of freezing!
You feel drained. The wight freezes you. The wight attacks as it pursues you!
The wight hits you from afar with a +3 halberd!
* * * LOW HITPOINT WARNING * * *
You feel drained.
* * * LOW HITPOINT WARNING * * *
Unknown command.
Okay, then.
You feel yourself speed up. The wight closely misses you.
The wight hits you from afar with a +3 halberd!
You die...
Your body crumbles into a pile of gold.

#................##
##.............##.
#............##
.....###.....### .
....####.....## .. ....
#........# ...
.........##...### ....
....#..#####....####...#
....##.## ##$..h......#
.....##.##........##
......#>..z.z.$....# #.
..z?......f......#
...............##
...........#.##
#..........###
#<..........
#...........


You could see a sleepcap and 2 wights.

Vanquished Creatures
  A steam dragon (D:6)
  An ice beast (D:7)
  A black bear (D:5)
  3 phantoms
  A bullfrog (D:7)
  A kobold brigand (D:6)
  5 scorpions
  5 hounds
  4 jellies
  A gnoll bouda (D:6)
  2 orc priests
  2 iguanas (D:5)
  4 orc wizards
  6 gnolls
  4 adders
  A white imp (D:7)
  2 worms (D:2)
  4 dart slugs
  16 orcs
  9 ball pythons
  8 endoplasms
  6 giant cockroaches
  8 goblins
  5 hobgoblins
  3 jackals
  3 quokkas
  4 bats
  3 frilled lizards
  6 kobolds
  8 rats
127 creatures vanquished.

Notes
Turn   | Place    | Note
-------+----------+-------------------------------------------
     0 | D:1      | timneilson the Octopode Shapeshifter began the quest for
                  | the Orb.
     0 | D:1      | Reached XP level 1. HP: 13/13 MP: 1/1
    99 | D:1      | Reached XP level 2. HP: 11/18 MP: 2/2
   619 | D:1      | Reached XP level 3. HP: 23/23 MP: 3/3
   639 | D:1      | Found a faded altar of an unknown god.
   731 | D:1      | Reached skill level 1 in Stealth
   781 | D:2      | Reached XP level 4. HP: 7/29 MP: 3/5
  1778 | D:3      | Reached XP level 5. HP: 32/34 MP: 6/6
  2085 | D:3      | Reached skill level 1 in Spellcasting
  2605 | D:4      | Found an ancient bone altar of Kikubaaqudgha.
  2616 | D:4      | Noticed a phantom
  2633 | D:4      | Killed a phantom
  2634 | D:4      | Reached XP level 6. HP: 11/41 MP: 7/7
  3631 | D:4      | Reached skill level 1 in Evocations
  3908 | D:5      | Entered Level 5 of the Dungeon
  3981 | D:5      | Noticed a black bear
  3988 | D:5      | Killed a black bear
  3989 | D:5      | Reached XP level 7. HP: 31/46 MP: 9/9
  4021 | D:5      | Found a staircase to the Ecumenical Temple.
  4026 | Temple   | Entered the Ecumenical Temple
  4035 | Temple   | Became a worshipper of Gozag Ym Sagoz the Greedy
  4551 | D:5      | You fall into a shaft and drop 1 floor!
  4613 | D:6      | Found a glowing silver altar of Zin.
  4691 | D:6      | Identified the +3 quarterstaff "Nootuppa" {heavy, rC+}
  4720 | D:6      | Reached XP level 8. HP: 53/54 MP: 11/11
  5189 | D:6      | Found a transporter.
  5191 | D:6      | Found Igafyzip's Jewellery Shop.
  5213 | D:6      | Reached skill level 5 in Unarmed Combat
  5227 | D:6      | Found a transporter.
  5392 | D:5      | Reached skill level 5 in Shapeshifting
  5861 | D:7      | Reached skill level 5 in Dodging
  5877 | D:7      | Reached XP level 9. HP: 22/59 MP: 13/13
  5957 | D:7      | Slain by a wight

Illustrated notes

Levels and vault maps discovered:
D:1:      ebering_hopf_link, layout_loops_ring,
          dilly_ecumenical_altar_fadedgnrine
D:2:      layout_loops_cross
D:3:      layout_basic
D:4:      layout_basic, kiku_gazebo_garden_becter
D:5:      layout_basic, temple_doors_cd
D:6:      layout_loops_ring, lemuel_tele_altar, serial_shops,
          nicolae_shop_drivethru
D:7:      layout_cave_pools
Temple:   nicolae_temple_bog_church

Skill      XL: |  1  2  3  4  5  6  7  8 |
---------------+-------------------------+-----
Stealth        | 1 2 3 4 |  4.6
Fighting       | 2 3 4 |  4.7
Spellcasting   | 1 2 |  2.9
Dodging        | 3 4 5 |  5.1
Unarmed Combat | 4 5 |  5.5
Evocations     | 1 2 |  2.9
Shapeshifting  | 4 5 |  5.2

Action                     |  1- 3 |  4- 6 |  7- 9 || total
---------------------------+-------+-------+-------++-------
  Melee: Unarmed           |    67 |   114 |   140 ||   321
         Constrict         |    13 |    24 |    32 ||    69
         Tentacles         |    10 |    24 |    37 ||    71
         Punch             |     2 |     6 |     5 ||    13
    Use: Scroll            |     2 |     5 |     6 ||    13
         Potion            |       |       |     2 ||     2
   Stab: Sleeping          |     5 |    20 |     7 ||    32
 Armour: Skin              |    37 |    46 |    74 ||   157
  Dodge: Dodged            |    53 |    44 |    75 ||   172

Table legend: (Time is in decaauts)
 A = Elapsed time spent in this place.
 B = Non-inter-level travel time spent in this place.
 C = Inter-level travel time spent in this place.
 D = Time resting spent in this place.
 E = Time spent auto-exploring this place.
 F = Levels seen in this place.
 G = Mean time per level.
                   A        B        C        D        E       F      G
               +--------+--------+--------+--------+--------+-----+--------+
         Total |   5938 |   5746 |    192 |    715 |   3471 |   8 |  742.2 |
       Dungeon |   5919 |   5735 |    184 |    715 |   3471 |   7 |  845.6 |
        Temple |     18 |     10 |      8 |      0 |      0 |   1 |   18.0 |
               +--------+--------+--------+--------+--------+-----+--------+

Top non-repeatable levels by time:
     D:4: 1215 daAuts
     D:2: 992 daAuts
     D:3: 954 daAuts
     D:6: 903 daAuts
     D:5: 842 daAuts
     D:1: 737 daAuts
     D:7: 274 daAuts
  Temple: 18 daAuts
